 Dungeon Crawl Stone Soup version 0.28-a0-1033-g1a2f33fa85 (webtiles) character file.

Game seed: 927754398200507652

462 jt the Chopper (level 6, -1/47 HPs)
             Began as a Demonspawn Monk on Dec 7, 2021.
             Was an Elder of Lugonu.
             Slain by a black bear (5 damage)
             ... on level 4 of the Dungeon.
             The game lasted 00:09:57 (4629 turns).

jt the Chopper (Demonspawn Monk)                    Turns: 4629, Time: 00:09:59

Health: -1/47      AC:  9    Str: 13    XL:     6   Next: 79%
Magic:  4/9        EV:  6    Int: 11    God:    Lugonu [****..]
Gold:   89         SH:  0    Dex: 16    Spells: 5/5 levels left

rFire   . . .      SeeInvis .   a - +1 hand axe (vorpal)
rCold   . . .      Faith    .   (no shield)
rNeg    . . .      Spirit   .   g - +0 chain mail
rPois   .          Reflect  .   (no helmet)
rElec   .          Harm     .   (no cloak)
rCorr   .          Rampage  .   (no gloves)
Will    .....                   (no boots)
Stlth   ..........              (no amulet)
HPRegen 0.15/turn               (no ring)
MPRegen 0.22/turn               (no ring)

@: no status effects
A: ignite blood 1, magic regeneration, sharp scales 1
a: Renounce Religion, Depart the Abyss, Bend Space, Banish, Corrupt


You were on level 4 of the Dungeon.
You worshipped Lugonu.
Lugonu was greatly pleased with you.
You visited 1 branch of the dungeon, and saw 4 of its levels.
You also visited: Sewer.

You collected 89 gold pieces.

Inventory:

Hand Weapons
 a - a +1 vorpal hand axe (weapon)
 j - a +0 short sword of protection
 t - a +1 hand axe
 u - a +0 trident
Missiles
 c - 83 stones (quivered)
 d - 29 bolts
 r - 30 arrows
 s - 47 sling bullets
 v - a silver boomerang
Armour
 b - a +0 robe
 g - a +0 chain mail (worn)
 l - a +0 tower shield
Scrolls
 h - 2 scrolls of fog
 i - a scroll of fear {unknown}
 k - a scroll of teleportation
 o - a scroll of enchant weapon
 q - a scroll of holy word
Potions
 e - 2 potions of magic
 f - 2 potions of mutation {unknown}
 m - a potion of might
 n - a potion of lignification {unknown}
 p - a potion of attraction
 w - 2 potions of curing
 x - a potion of degeneration {unknown}
 z - a potion of cancellation {unknown}


   Skills:
 - Level 3.0 Fighting
 * Level 5.9 Axes
 - Level 2.6 Dodging
 - Level 1.7 Stealth
 + Level 5.2 Invocations


You had 5 spell levels left.
You didn't know any spells.
Your spell library was empty.

Dungeon Overview and Level Annotations

Branches:
Dungeon (4/15)              Sewer (visited)
 Temple: D:4-7

Altars:
Lugonu

Shops:
D:1 (

Annotations:
D:4 Grinder


Innate Abilities, Weirdness & Mutations

Your demonic aura sometimes causes spilled blood to erupt in flames.
You regenerate magic rapidly.
You are partially covered in razor-sharp scales. (AC +1, Slay +1)


Message History

The black bear bites you but does no damage.
The black bear claws you.
The black bear claws you but does no damage.
You slash the black bear!
The black bear is heavily wounded.
The black bear barely misses you.
The black bear claws you but does no damage. x2
You barely miss the black bear.
The black bear is heavily wounded.
The black bear bites you.
The black bear claws you but does no damage.
The black bear barely misses you.
You hit the black bear.
The black bear is severely wounded.
The black bear goes berserk!
You hit the black bear but do no damage.
The black bear is severely wounded.
The black bear bites you!
The black bear claws you but does no damage.
The black bear claws you.
You slash the black bear!
The black bear is almost dead.
The black bear bites you! The black bear claws you.
The black bear claws you but does no damage.
The black bear completely misses you. The black bear claws you.
* * * LOW HITPOINT WARNING * * *
The black bear claws you.
* * * LOW HITPOINT WARNING * * *
Space bends around you!
You blink.
You aren't carrying any items that you can evoke.
Press: ? - help, Shift-Dir - straight line, f/p - black bear
Aim: a black bear (almost dead, berserk, chance to affect: 83%)
You fail to use your ability.
Press: ? - help, Shift-Dir - straight line, f/p - black bear
Aim: a black bear (almost dead, berserk, chance to affect: 83%)
The black bear barely resists.
The black bear barely misses you. The black bear claws you.
* * * LOW HITPOINT WARNING * * *
The black bear claws you.
You die...

.# ########### .#
#.........# .# #.........#
.# #.........###### # .#
#..............#### .#
###.........####..... .#
#...........# ###...
.############...........#
##....
..........†((..h@.(.....#
#.....
#########.............###
#..... #.........(.....#
#...... #........(......#
#...... #........(.......#
#......
#.........................
#.......)........ ..>##...
#................ (.. ####
##.........(.....


You could see a black bear (berserk).

Vanquished Creatures
  Eustachio (D:4)
  Pargi (Sewer)
  A hound (D:3)
  An iguana (D:4)
  3 river rats (D:4)
  5 adders
  An adder skeleton (D:4)
  A worm (D:3)
  4 dart slugs
  9 orcs
  8 ball pythons
  2 endoplasms
  7 giant cockroaches
  6 goblins
  7 hobgoblins
  4 jackals
  A quokka (D:1)
  5 bats
  10 frilled lizards
  6 kobolds
  9 rats
92 creatures vanquished.

Notes
Turn   | Place    | Note
-------+----------+-------------------------------------------
     0 | D:1      | jt the Demonspawn Monk began the quest for the Orb.
     0 | D:1      | Reached XP level 1. HP: 18/18 MP: 1/1
   249 | D:1      | Found a faded altar of an unknown god.
   254 | D:1      | Prayed at the altar of an unknown god.
   254 | D:1      | Became a worshipper of Lugonu the Unformed
   254 | D:1      | Reached * piety under Lugonu
   254 | D:1      | Reached ** piety under Lugonu
   254 | D:1      | Reached *** piety under Lugonu
   300 | D:1      | Gained mutation: You regenerate magic rapidly. [demonic
                  | ancestry]
   300 | D:1      | Reached XP level 2. HP: 24/24 MP: 2/2
   307 | D:1      | Reached skill level 1 in Invocations
   907 | D:1      | Found Faexiwao's Weapon Shop.
   982 | D:1      | Reached XP level 3. HP: 14/29 MP: 4/4
  1346 | D:2      | Reached **** piety under Lugonu
  1812 | D:2      | Reached XP level 4. HP: 35/35 MP: 4/6
  2703 | D:3      | Gained mutation: Your demonic aura sometimes causes spilled
                  | blood to erupt in flames. [demonic ancestry]
  2703 | D:3      | Reached XP level 5. HP: 11/41 MP: 7/7
  3700 | D:4      | Noticed Grinder
  3876 | D:4      | Found a glowing drain.
  3988 | Sewer    | Entered a sewer
  4052 | Sewer    | Noticed Pargi
  4067 | Sewer    | Killed Pargi
  4068 | Sewer    | Reached skill level 5 in Axes
  4068 | Sewer    | Gained mutation: You are partially covered in razor-sharp
                  | scales. (AC +1, Slay +1) [demonic ancestry]
  4068 | Sewer    | Reached XP level 6. HP: 13/47 MP: 9/9
  4400 | D:4      | Noticed Eustachio
  4423 | D:4      | Killed Eustachio
  4424 | D:4      | Reached skill level 5 in Invocations
  4629 | D:4      | Slain by a black bear

Illustrated notes

Levels and vault maps discovered:
D:1:      minmay_arrival_radiant_lines, layout_basic, serial_shops,
          nicolae_lakefront_shop, shapermc_ecumenical_altar_mp_ritualfount,
          minmay_worlds_worst_comb
D:2:      layout_rooms, minmay_stone_trees_small
D:3:      layout_basic
D:4:      due_chaos_kobolds, layout_rooms, portal_sewer_entry_b, uniq_eustachio,
          uniq_grinder, uniq_ijyb

Skill      XL: |  1  2  3  4  5  6 |
---------------+-------------------+-----
Axes           | 3 4 5 |  5.9
Invocations    | 2 3 4 5 |  5.2
Fighting       | |  3.0
Dodging        | |  2.6
Stealth        | |  1.7

Action                   |  1- 3 |  4- 6 || total
-------------------------+-------+-------++-------
Melee: Hand axe          |   149 |   179 ||   328
Throw: Dart              |       |    24 ||    24
       Stone             |       |     2 ||     2
       Boomerang         |       |     5 ||     5
Invok: Bend Space        |     1 |     3 ||     4
       Banish            |       |     1 ||     1
  Use: Scroll            |       |     7 ||     7
       Potion            |       |     4 ||     4
 Stab: Sleeping          |     2 |       ||     2
Armor: Robe              |     9 |       ||     9
       Chain mail        |    74 |   115 ||   189
Dodge: Dodged            |    62 |    60 ||   122

Table legend: (Time is in decaauts)
 A = Elapsed time spent in this place.
 B = Non-inter-level travel time spent in this place.
 C = Inter-level travel time spent in this place.
 D = Time resting spent in this place.
 E = Time spent auto-exploring this place.
 F = Levels seen in this place.
 G = Mean time per level.
                   A        B        C        D        E       F      G
               +--------+--------+--------+--------+--------+-----+--------+
         Total |   4660 |   4457 |    203 |   2268 |    938 |   5 |  932.0 |
       Dungeon |   4292 |   4089 |    203 |   2054 |    913 |   4 | 1073.0 |
         Sewer |    367 |    367 |      0 |    213 |     25 |   1 |  367.0 |
               +--------+--------+--------+--------+--------+-----+--------+

Top non-repeatable levels by time:
     D:1: 1690 daAuts
     D:3: 1133 daAuts
     D:2: 964 daAuts
     D:4: 504 daAuts
   Sewer: 367 daAuts
